Map: Ruins of Seras

Players

VBR

  • Race: Zerg Zerg
  • League: Bronze

NordWind - Winner!

  • Race: Zerg Zerg

VOD

Have the link to the VOD?

Description

Time

  • Played on: Nov. 20, 2015, 11:26 a.m.
  • Length: 16:54
Show
View Real Time Build Order
Export as new Build Order

VBR Zerg 

Build Orders: Pool First, Zergling Baneling 

Get SALT Encoding   

  12  0:05  Extractor  
  11  0:15  Overlord  
  11  0:16  Drone  
  12  0:21  Drone  
  13  0:30  Drone  
  14  0:44  Drone  
  15  0:54  Spawning Pool  
  14  0:58  Drone  
  15  1:12  Drone  
  16  1:23  Overlord  
  16  1:43  Hatchery  
  15  1:47  Drone, Spine Crawler  
  15  1:56  Spore Crawler  
  14  2:02  Drone x2  
  16  2:18  Lair  
  16  2:29  Drone x2  
  18  2:39  Baneling Nest  
  18  2:41  Zergling x2  
  18  2:45  Drone, Extractor  
  18  2:56  Queen  
  18  2:57  Drone  
  21  3:06  Drone  
  21  3:07  Drone  
  23  3:26  Pneumatized Carapace  
  23  3:39  Overlord  
  23  3:44  Zergling x10  
  23  3:48  Metabolic Boost  
  28  3:53  Overlord  
  28  3:58  Drone  
  29  4:09  Queen  
  31  4:12  Drone  
  32  4:29  Evolution Chamber, Drone x2  
  33  4:34  Baneling x8  
  32  4:57  Zergling x4  
  32  4:58  Zergling x10  
  38  5:11  Drone x2  
  38  5:12  Drone  
  41  5:17  Extractor  
  36  5:38  Spine Crawler x2  
  36  5:40  Zergling x10  
  38  5:53  Zergling x4  
  38  5:54  Zergling x4  
  36  6:22  Zergling x10  
  41  6:34  Infestation Pit  
  41  6:37  Spine Crawler  
  38  7:31  Hive, Spire  
  38  7:36  Infestor x3  
  32  8:17  Burrow  
  11  8:57  Mutalisk x4  
  11  9:00  Zergling x16  
  11  9:01  Zergling x2  
  27  9:26  Drone  
  27  9:27  Drone x2  
  27  9:28  Drone x2  
  32  9:42  Drone x2  
  32  9:43  Drone  
  35  10:16  Drone x2  
  35  10:17  Drone  
  35  10:18  Drone x3  
  41  10:22  Extractor  
  40  10:38  Mutalisk  
  42  10:44  Overlord x3  
  42  11:29  Mutalisk x4  
  50  11:38  Drone  
  51  11:53  Hatchery  
  50  12:27  Viper x2  
  55  13:03  Zergling x10  
  60  13:09  Hatchery, Drone  
  44  14:39  Zergling x8  
  44  14:40  Zergling x8  
  52  15:22  Mutalisk x5  
  52  15:25  Zergling x8  
  66  15:37  Drone  
  34  16:20  Zergling x16  
  34  16:21  Zergling x2  
Show
View Real Time Build Order
Export as new Build Order

NordWind Zerg - Winner!

Build Orders: Hatch First 

Get SALT Encoding   

  12  0:02  Drone  
  13  0:13  Overlord  
  13  0:20  Drone  
  14  0:43  Hatchery  
  13  1:00  Spawning Pool  
  12  1:05  Extractor  
  12  1:07  Drone  
  12  1:11  Drone  
  12  1:15  Drone  
  14  1:31  Drone x2  
  16  1:48  Queen  
  18  1:55  Queen  
  18  1:58  Drone  
  21  2:02  Drone  
  22  2:09  Overlord  
  22  2:18  Metabolic Boost  
  22  2:34  Drone  
  23  2:37  Drone x4  
  27  2:47  Baneling Nest  
  26  2:56  Zergling x4  
  28  3:00  Overlord  
  28  3:39  Queen  
  30  3:46  Zergling x2  
  30  3:47  Zergling x10  
  36  3:49  Overlord x3  
  36  3:50  Overlord  
  36  4:04  Overlord x3  
  36  4:09  Drone x2  
  38  4:12  Drone  
  39  4:37  Evolution Chamber, Lair  
  38  4:38  Drone  
  38  4:39  Drone  
  38  4:43  Drone x5  
  45  5:14  Drone x3  
  45  5:15  Drone  
  49  5:21  Roach Warren  
  49  5:23  Drone  
  49  5:24  Zergling x6  
  49  5:25  Zergling x10  
  49  5:26  Zergling x4  
  55  5:35  Zergling x2  
  52  5:45  Queen  
  47  5:59  Baneling x3  
  47  6:00  Baneling x6  
  47  6:01  Baneling  
  47  6:06  Zergling x2  
  47  6:07  Zergling x14  
  50  6:15  Zerg Melee Weapons Level 1  
  48  6:21  Queen  
  48  6:23  Zergling x2  
  48  6:24  Zergling x4  
  53  6:29  Centrifical Hooks  
  53  6:36  Extractor  
  53  6:38  Extractor  
  53  6:39  Extractor  
  50  6:40  Drone x2  
  50  6:41  Drone  
  52  7:11  Roach x3  
  52  7:12  Roach x4  
  66  7:32  Roach x2  
  66  7:33  Roach x3  
  76  7:45  Baneling  
  76  7:46  Baneling x2  
  76  7:56  Drone  
  76  7:57  Drone x3  
  49  8:29  Roach x6  
  52  8:54  Roach x2  
  52  8:55  Roach x2  
  54  9:05  Zerg Ground Armor Level 1  
  54  9:09  Drone x2  
  54  9:28  Glial Reconstitution  
  46  9:32  Drone  
  46  9:33  Drone x5  
  52  9:47  Roach x2  
  52  9:48  Roach x2  
  60  9:59  Spore Crawler  
  59  10:22  Hydralisk Den  
  59  10:23  Queen x2  
  59  10:28  Drone  
  63  10:43  Ravager  
  63  10:44  Ravager x4  
  63  10:49  Drone x4  
  71  11:31  Hydralisk x2  
  75  11:35  Overlord x5  
  75  11:47  Muscular Augments  
  75  11:52  Overlord  
  75  11:53  Overlord  
  75  12:11  Hydralisk x2  
  75  12:12  Hydralisk  
  77  12:25  Queen  
  79  12:35  Drone x2  
  81  12:59  Hydralisk x3  
  81  13:00  Hydralisk, Queen  
  91  13:22  Drone x3  
  94  13:40  Hatchery  
  71  14:18  Hydralisk  
  71  14:19  Hydralisk x10  
  75  14:39  Hydralisk  
  75  14:40  Hydralisk x3  
  74  14:58  Roach  
  74  14:59  Roach x5  
  86  15:06  Drone  
  86  15:07  Drone x2  
  88  15:12  Roach  
  91  15:47  Queen  
Tags
 
Add a new tag
Caveats
  • Supply blocks, unpowered buildings, or Contaminate may cause inaccurate times.
  • Supply counts are checked every 10 seconds.